AoeStats
← amyfp

Black Forest

506225291Analyzed
1v1 RM · 20d ago on Sep 12, 2026· 43m 22s· 2 players
Game mode
Random Map
Map size
Tiny (2 player)
Population
200
Speed
Normal
Resources
Standard
Victory
Conquest
Starting age
Dark Age
Ending age
Imperial Age
RankedLock teamsTeams togetherTeam positionsShared explorationLock speedFull tech treeHidden civsTurbo modeCheats
Victory
Defeat
🇨🇦 Maya · Canada
332
+14
🇨🇦 Khmer · Canada
290
-14
amyfp
9:45 Feudal Age
16:48 Castle Age
15:45 Stone Mining
19:10 Horse Collar
22:42 Double-Bit Axe
26:52 Bow Saw
28:56 Gold Mining
35:42 Gold Shaft Mining
38:35 Imperial Age
42:04 Elite Battle Elephant
JuicyBajan
13:23 Feudal Age
16:55 Double-Bit Axe
19:27 Castle Age
18:59 Loom
22:18 Stone Mining
23:46 Wheelbarrow
25:13 Horse Collar
26:43 Fletching
26:54 Padded Archer Armor
27:08 Forging
26:59 Scale Mail Armor
34:51 Imperial Age
34:07 Bow Saw
35:24 Bodkin Arrow
35:45 Leather Archer Armor
36:06 Iron Casting
35:46 Chain Mail Armor
37:24 Holcans
36:44 Arson
37:01 Squires
37:09 Eagle Warrior
38:27 Gold Mining
39:43 Elite Plumed Archer
Connection lost

Rejoining the realm…

Still unreachable

The connection could not be restored.

Session expired

The server has moved on; the page needs a fresh start.